 Dungeon Crawl Stone Soup version 0.27-a0-1139-g28e009f8a6 (webtiles) character file.

Game seed: 2301817159395500104

120 Feb132020 the Sneak (level 4, -8/21 HPs)
             Began as a Spriggan Earth Elementalist on May 8, 2021.
             Killed by divine providence
             ... invoked by an orc priest
              (16 damage)
             ... on level 3 of the Dungeon.
             The game lasted 00:12:40 (3336 turns).

Feb132020 the Sneak (Spriggan Earth Elementalist)   Turns: 3336, Time: 00:12:41

Health: -8/21      AC:  2    Str:  4    XL:     4   Next: 75%
Magic:  1/10       EV: 17    Int: 17    God:
Gold:   135        SH:  0    Dex: 15    Spells: 3/10 levels left

rFire    . . .     SeeInvis +   a - +0 dagger (elec)
rCold    . . .     Faith    .   (shield restricted)
rNeg     . . .     Spirit   .   c - +0 robe
rPois    .         Reflect  .   (helmet restricted)
rElec    .         Harm     .   (no cloak)
rCorr    .         Rampage  .   (gloves unavailable)
Will     .....                  (boots unavailable)
Stlth    +++.......             (no amulet)
HPRegen  0.07/turn              n - ring of flight
MPRegen  0.12/turn              (no ring)

@: flying, very slightly contaminated, very quick
A: very small, no large weapons, unfitting armour, see invisible, speed 3
a: no special abilities


You were on level 3 of the Dungeon.
You visited 1 branch of the dungeon, and saw 3 of its levels.

You collected 135 gold pieces.

Inventory:

Hand Weapons
 a - a +0 dagger of electrocution (weapon)
 b - a +2 vorpal hunting sling
 d - a +0 dagger
Missiles
 f - a throwing net
 p - 155 stones
 q - 17 sling bullets
 s - 7 boomerangs of dispersal
Armour
 c - a +0 robe (worn)
Jewellery
 n - a ring of flight (left hand)
Scrolls
 e - a scroll of brand weapon {unknown}
 j - 2 scrolls of identify
 m - 2 scrolls of vulnerability
 o - a scroll of enchant weapon {unknown}
 r - a scroll of blinking {unknown}
Potions
 g - a potion of cancellation {unknown}
 h - 2 potions of curing
 i - a potion of heal wounds {unknown}
 k - a potion of brilliance {unknown}
 l - a potion of degeneration {unknown}


   Skills:
 + Level 1.3 Short Blades
 + Level 3.1 Dodging
 + Level 3.7 Stealth
 + Level 3.5 Spellcasting
 * Level 0.7 Hexes
 + Level 0.1 Translocations
 + Level 2.1 Transmutations
 + Level 3.7 Earth Magic


You had 3 spell levels left.
You knew the following spells:

 Your Spells              Type           Power      Damage    Failure   Level
a - Sandblast             Erth           30%        2d9       3%          1
c - Confusing Touch       Hex            5%         N/A       36%         3
p - Passwall              Tmut/Erth      10%        N/A       8%          2
A - Apportation           Tloc           6%         N/A       16%         1

Your spell library contained the following spells:

 Spells                   Type           Power      Damage    Failure   Level
 Corona                   Hex            5%         N/A       12%         1
 Animate Skeleton         Necr           6%         N/A       17%         1
 Summon Small Mammal      Summ           12%        N/A       17%         1
 Stone Arrow              Conj/Erth      18%        3d8       22%         3
 Gell's Gravitas          Tloc           1%         N/A       43%         3
 Petrify                  Tmut/Erth      13%        N/A       43%         4
 Lee's Rapid Deconstruct  Erth           7%         3d8*      69%         5
 Yara's Violent Unravell  Hex/Tmut       4%         3d4       94%         5
 Metabolic Englaciation   Hex/Ice        2%         N/A       98%         5


Dungeon Overview and Level Annotations

Branches:
Dungeon (3/15)

Altars:
Trog
Zin


Innate Abilities, Weirdness & Mutations

You are very small and have problems with some larger weapons.
You are too small for most types of armour.
You have supernaturally acute eyesight. (SInv)
You cover ground extremely quickly. (Speed+++)


Message History

Aim: an orc priest, wielding a +0 trident and wearing a +0 chain mail (heavily wounded, 85% to hit)
The blast of sand hits the orc priest but does no damage.
The orc priest is heavily wounded.
The orc priest misses you.
Unknown command.
Unknown command.
Unknown command.
Casting: Sandblast (safe; 3% risk of failure)
Confirm with . or Enter, or press ? or * to list all spells.
Aiming: Sandblast (safe; 3% risk of failure)
Press: ? - help, Shift-Dir - straight line, f/p - orc priest
Aim: an orc priest, wielding a +0 trident and wearing a +0 chain mail (heavily wounded, 85% to hit)
The blast of sand hits the orc priest but does no damage.
The orc priest is heavily wounded.
The orc priest closely misses you.
Unknown command.
Unknown command.
Unknown command.
Casting: Sandblast (safe; 3% risk of failure)
Confirm with . or Enter, or press ? or * to list all spells.
Aiming: Sandblast (safe; 3% risk of failure)
Press: ? - help, Shift-Dir - straight line, f/p - orc priest
Aim: an orc priest, wielding a +0 trident and wearing a +0 chain mail (heavily wounded, 85% to hit)
The blast of sand hits the orc priest but does no damage.
The orc priest is heavily wounded.
The orc priest hits you from afar with a +0 trident!
Unknown command.
Unknown command.
Unknown command.
Casting: Sandblast (safe; 3% risk of failure)
Confirm with . or Enter, or press ? or * to list all spells.
Aiming: Sandblast (safe; 3% risk of failure)
Press: ? - help, Shift-Dir - straight line, f/p - orc priest
Aim: an orc priest, wielding a +0 trident and wearing a +0 chain mail (heavily wounded, 85% to hit)
The blast of sand hits the orc priest but does no damage.
The orc priest is heavily wounded.
The orc priest calls down the wrath of Beogh upon you.
Beogh smites you!
Ouch! That really hurt!
You die...

#.##.#...#<##.####
#.##.##.##.##.#
####.##.##o##.##.# #
#........)o##.##.# >..#
#o##.########.##.#
...#########.##.# #.##.#
#.##.........##.# #.##.#
##.##............########.o
...##..######...@..o......
.#..............#...####.
.........####..###...##
............#.## ##...#
##.##..#.##.##.###...#.#
#.##..#.##..)).#...## ..
#.##..#.##.##.....## ..
#.##..#.##.##......# .
....#.#.##.##....#..#


You could see an orc priest.

Vanquished Creatures
  A hound (D:2)
  An orc wizard (D:3)
  2 worms (D:2)
  2 dart slugs (D:1)
  2 orcs (D:3)
  4 ball pythons
  7 endoplasms
  2 giant cockroaches (D:1)
  8 goblins
  4 hobgoblins
  6 jackals
  6 kobolds
  3 bats
48 creatures vanquished.

Notes
Turn   | Place    | Note
-------+----------+-------------------------------------------
     0 | D:1      | Feb132020 the Spriggan Earth Elementalist began the quest
                  | for the Orb.
     0 | D:1      | Reached XP level 1. HP: 9/9 MP: 5/5
   337 | D:1      | Reached XP level 2. HP: 13/13 MP: 3/6
   340 | D:1      | Learned a level 2 spell: Passwall
   856 | D:1      | Learned a level 1 spell: Apportation
  1203 | D:2      | Reached XP level 3. HP: 14/16 MP: 5/8
  1589 | D:2      | Reached skill level 1 in Short Blades
  1724 | D:2      | Reached XP level 4. HP: 21/21 MP: 6/9
  2251 | D:2      | Found a faded altar of an unknown god.
  2666 | D:3      | Found a glowing silver altar of Zin.
  2669 | D:3      | Found a bloodstained altar of Trog.
  2731 | D:3      | Learned a level 3 spell: Confusing Touch
  3336 | D:3      | Killed from afar by an orc priest

Illustrated notes

Levels and vault maps discovered:
D:1:      dpeg_arrival_morbid_curiosity, layout_basic
D:2:      layout_loops_cross, ebering_ecumenical_altar_mist,
          minmay_misc_feat_tiny
D:3:      layout_loops_ring, grunt_temple_overflow_open,
          nicolae_ru_great_annihilating_truth

Skill      XL: |  1  2  3 |
---------------+----------+-----
Earth Magic    | 3 |  3.7
Dodging        | 3 |  3.1
Short Blades   | 1 |  1.3
Spellcasting   | 3 |  3.5
Transmutations | 2 |  2.1
Stealth        | |  3.7
Hexes          | |  0.7
Translocations | |  0.1

Action                   |  1- 3 |  4- 6 || total
-------------------------+-------+-------++-------
Melee: Dagger            |    47 |    51 ||    98
 Cast: Sandblast         |    23 |    22 ||    45
       Passwall          |       |     1 ||     1
  Use: Scroll            |       |     2 ||     2
 Stab: Sleeping          |     4 |     3 ||     7
Armor: Robe              |     5 |     3 ||     8
Dodge: Dodged            |    29 |    30 ||    59

Table legend: (Time is in decaauts)
 A = Elapsed time spent in this place.
 B = Non-inter-level travel time spent in this place.
 C = Inter-level travel time spent in this place.
 D = Time resting spent in this place.
 E = Time spent auto-exploring this place.
 F = Levels seen in this place.
 G = Mean time per level.
                   A        B        C        D        E       F      G
               +--------+--------+--------+--------+--------+-----+--------+
         Total |   2637 |   2465 |    172 |    231 |   1914 |   3 |  879.0 |
       Dungeon |   2637 |   2465 |    172 |    231 |   1914 |   3 |  879.0 |
               +--------+--------+--------+--------+--------+-----+--------+

Top non-repeatable levels by time:
     D:1: 1210 daAuts
     D:2: 1105 daAuts
     D:3: 321 daAuts
